 Dungeon Crawl Stone Soup version 0.29-a0-1065-g47a6bb87d6 (webtiles) character file.

Game seed: 330487759597713845

116 SensoryNuts the Cutter (level 4, -1/33 HPs)
             Began as a Vampire Gladiator on Aug 18, 2022.
             Killed by divine providence
             ... invoked by an orc priest
              (14 damage)
             ... on level 3 of the Dungeon.
             The game lasted 00:02:47 (1908 turns).

SensoryNuts the Cutter (Vampire Gladiator)          Turns: 1908, Time: 00:02:48

Health: -1/33      AC:  6    Str: 15    XL:     4   Next: 70%
Magic:  4/4        EV: 17    Int: 10    God:
Gold:   99         SH:  0    Dex: 15    Spells: 3/3 levels left

rFire   . . .      SeeInvis +   a - +0 rapier
rCold   . . .      Faith    .   (no shield)
rNeg    . . .      Spirit   .   b - +0 leather armour
rPois   .          Reflect  .   c - +0 helmet
rElec   .          Harm     .   h - +0 cloak
rCorr   .          Rampage  .   w - +0 pair of gloves
Will    .....                   (no boots)
Stlth   +.........              q - amulet of the acrobat
HPRegen 0.31/turn               n - +4 ring of evasion
MPRegen 0.09/turn               (no ring)

@: mighty, brilliant, flying, healing quickly
A: alive, fangs 3, see invisible, vampiric 2
a: Exsanguinate


You were on level 3 of the Dungeon.
You visited 1 branch of the dungeon, and saw 3 of its levels.

You collected 99 gold pieces.

Inventory:

Hand Weapons
 a - a +0 rapier (weapon)
Missiles
 d - 3 throwing nets (quivered)
 e - a javelin
Armour
 b - a +0 leather armour (worn)
 c - a +0 helmet (worn)
 h - a +0 cloak (worn)
 w - a +0 pair of gloves (worn)
Jewellery
 n - a +4 ring of evasion (left hand)
 q - an amulet of the acrobat (around neck)
 r - a ring of protection from cold
Wands
 t - a wand of roots (4)
Scrolls
 f - a scroll of magic mapping
 g - a scroll of enchant armour
Potions
 k - a potion of brilliance
 o - a potion of might
 u - a potion of flight


   Skills:
 + Level 2.0 Fighting
 + Level 4.7 Short Blades
 + Level 1.5 Throwing
 + Level 1.5 Armour
 + Level 4.0 Dodging
 + Level 0.7 Stealth


You had 3 spell levels left.
You didn't know any spells.
Your spell library was empty.

Dungeon Overview and Level Annotations

Branches:
Dungeon (3/15)

Altars:

Shops:
D:2 ?


Innate Abilities, Weirdness & Mutations

Your natural rate of healing is accelerated.
You have razor-sharp teeth.
You have supernaturally acute eyesight. (SInv)
You are afflicted with vampirism and can become a bat while bloodless.


Message History

The orc completely misses you.
An endoplasm comes into view.
A ball python comes into view.
Your Dodging skill increases to level 4!
You hit the orc.
The orc is severely wounded.
The orc misses you.
You closely miss the orc. Your bite misses the orc.
The orc is severely wounded.
The orc hits you but does no damage.
You puncture the orc!
You kill the orc!
You puncture the orc!
You kill the orc!
An orc priest comes into view. It is wielding a +0 dagger.
You puncture the ball python!
You kill the ball python!
An orc comes into view. It is wielding a +2 vorpal hand axe.
The orc closely misses you.
You see here a ball python corpse.
You closely miss the orc. The orc hits you with a +0 flail.
The endoplasm misses you.
You closely miss the orc. You bite the orc.
You kill the orc!
The endoplasm freezes you.
You are frozen.
You are too injured to fight recklessly!
You are too injured to fight recklessly!
You are too injured to fight recklessly!
You are too injured to fight recklessly!
You are too injured to fight recklessly!
Unknown command.
The endoplasm freezes you.
You are frozen.
There is a stone staircase leading up here.
Unknown command.
The endoplasm freezes you.
You are frozen.
The orc hits you but does no damage.
The orc priest invokes the aid of Beogh against you.
Beogh smites you!
You die...

... .... ... ...
.... ..# .....
[.# . ..#..###.#
...
........o###....
......)J)).^..#
#....o@.....#
#......#......
⌠..#.....# .....
. #...... ....
###..##. ...
#.<. ## .. ....
. .....


You could see an orc priest, an orc and an endoplasm.

Vanquished Creatures
  An orc wizard (D:3)
  2 adders (D:2)
  2 worms (D:2)
  2 dart slugs
  3 orcs (D:3)
  6 bats
  4 endoplasms (D:2)
  3 giant cockroaches
  A hobgoblin (D:1)
  9 jackals
  4 quokkas
  6 ball pythons
  4 frilled lizards
  2 goblins
  8 kobolds
  3 rats
60 creatures vanquished.

Notes
Turn   | Place    | Note
-------+----------+-------------------------------------------
     0 | D:1      | SensoryNuts the Vampire Gladiator began the quest for the
                  | Orb.
     0 | D:1      | Reached XP level 1. HP: 16/16 MP: 1/1
   118 | D:1      | Reached XP level 2. HP: 13/22 MP: 2/2
   521 | D:1      | Found a faded altar of an unknown god.
   714 | D:2      | Gained mutation: You are afflicted with vampirism and can
                  | become a bat while bloodless. [Vampire growth]
   714 | D:2      | Reached XP level 3. HP: 26/27 MP: 3/3
   913 | D:2      | Found Zibov's Magic Scroll Boutique.
  1300 | D:2      | Reached skill level 1 in Armour
  1347 | D:2      | Reached XP level 4. HP: 27/33 MP: 4/4
  1908 | D:3      | Killed from afar by an orc priest

Illustrated notes

Levels and vault maps discovered:
D:1:      dpeg_arrival_simpleton_a, layout_basic,
          ebering_ecumenical_altar_abandoned, minmay_misc_feat_columns
D:2:      layout_basic, serial_shops, nicolae_shop_trees, minmay_octomino_e4
D:3:      layout_rooms, lemuel_round_altar, serial_glass, glass_columns_a,
          glass_columns_c, nicolae_shop_vocational

Skill      XL: |  1  2  3  4 |
---------------+-------------+-----
Short Blades   | 4 |  4.7
Armour         | 1 |  1.5
Fighting       | 2 |  2.0
Dodging        | 4 |  4.0
Throwing       | |  1.5
Stealth        | |  0.7

Action                   |  1- 3 |  4- 6 || total
-------------------------+-------+-------++-------
Melee: Rapier            |   159 |    51 ||   210
       Bite              |    15 |     4 ||    19
       Punch             |     4 |       ||     4
  Use: Potion            |       |     6 ||     6
       Scroll            |       |     5 ||     5
Armor: Leather armour    |    69 |    15 ||    84
Dodge: Dodged            |   149 |    26 ||   175

Table legend: (Time is in decaauts)
 A = Elapsed time spent in this place.
 B = Non-inter-level travel time spent in this place.
 C = Inter-level travel time spent in this place.
 D = Time resting spent in this place.
 E = Time spent auto-exploring this place.
 F = Levels seen in this place.
 G = Mean time per level.
                   A        B        C        D        E       F      G
               +--------+--------+--------+--------+--------+-----+--------+
         Total |   1906 |   1639 |    267 |      0 |   1206 |   3 |  635.3 |
       Dungeon |   1906 |   1639 |    267 |      0 |   1206 |   3 |  635.3 |
               +--------+--------+--------+--------+--------+-----+--------+

Top non-repeatable levels by time:
     D:2: 1225 daAuts
     D:1: 663 daAuts
     D:3: 18 daAuts
